 Dungeon Crawl Stone Soup version 0.20-a0-1000-g0e8f6bb (webtiles) character file.

397 Hybris the Slasher (level 7, 0/55 HPs)
             Began as a Human Fighter on Apr 12, 2017.
             Was a Follower of Qazlal.
             Killed by nerve-wracking pain
             ... invoked by an orc priest
              (10 damage)
             ... on level 3 of the Dungeon.
             The game lasted 00:05:07 (2637 turns).

Hybris the Slasher (Human Fighter)                  Turns: 2637, Time: 00:05:07

Health: 0/55       AC:  6    Str: 19    XL:     7   Next: 10%
Magic:  7/7        EV:  7    Int:  8    God:    Qazlal [*.....]
Gold:   62         SH: 10    Dex: 12    Spells: 6/6 levels left

rFire    . . .     SeeInvis .   a - +0 long sword
rCold    . . .     Gourm    .   c - +0 shield
rNeg     . . .     Faith    +   b - +0 scale mail
rPois    +         Spirit   .   (no helmet)
rElec    .         Reflect  .   (no cloak)
rCorr    .         Harm     .   (no gloves)
MR       .....                  (no boots)
Stlth    ..........             d - amulet of faith
Regen    0.2/turn               n - ring of poison resistance
MPRegen  0.1/turn               (no ring)

@: no status effects
A: no striking features
a: Renounce Religion


You were on level 3 of the Dungeon.
You worshipped Qazlal.
Qazlal was aware of your devotion.
You were not hungry.

You visited 1 branch of the dungeon, and saw 3 of its levels.

You collected 62 gold pieces.

Inventory:

Hand Weapons
 a - a +0 long sword (weapon)
Missiles
 h - 4 javelins (quivered)
Armour
 b - a +0 scale mail (worn)
 c - a +0 shield (worn)
Jewellery
 d - an amulet of faith (around neck)
 n - a ring of poison resistance (left hand)
Scrolls
 e - 3 scrolls of blinking
 k - a scroll of amnesia
 l - 2 scrolls of remove curse
 r - 2 scrolls of identify {unknown}
Potions
 g - a potion of curing {unknown}
 i - a potion of heal wounds {unknown}
 o - a potion of flight {unknown}
 p - a potion of lignification
 q - a potion of ambrosia
 s - a potion of invisibility {unknown}
 u - a potion of haste {unknown}
 v - a potion of magic {unknown}
Comestibles
 f - a bread ration
 j - a royal jelly
 t - a meat ration


   Skills:
 + Level 4.8 Fighting
 * Level 5.9 Long Blades
 - Level 3.0 Armour
 - Level 3.0 Shields


You had 6 spell levels left.
You didn't know any spells.

Dungeon Overview and Level Annotations

Branches:
Dungeon (3/15)

Altars:
Ashenzari
Qazlal
The Shining One


Message History

You slash the orc!
You kill the orc!
Qazlal accepts your kill.
You hit the orc priest.
The orc priest is lightly wounded.
The orc priest invokes the aid of Beogh against you.
Beogh smites you!
* * * LOW HITPOINT WARNING * * *
Your shield and scale mail prevent you from hitting the orc priest.
The orc priest is lightly wounded.
You block the orc priest's attack.
You hit the orc priest.
The orc priest is heavily wounded.
You block the orc priest's attack.
All of the chunks of flesh in your inventory have rotted away.
You slash the orc priest!
The orc priest is almost dead.
The orc priest invokes the aid of Beogh against you.
Pain shoots through your body!
You die...

....................# ..
.........#..........# ...
.........#..........#....
............>...".(......
###....(.................
#.............o...o.o..
#........#####o###o....
#........# #o# ...
#........# #@# .
######...# #.# ##### #.#
#.# #.# #.# #.# #.#


You could see an orc priest and 2 orcs.

Vanquished Creatures
  Sigmund (D:2)
  An orc priest (D:3)
  2 orc wizards (D:3)
  5 adders
  4 gnolls
  An ooze (D:3)
  2 dart slugs
  3 leopard geckos
  12 orcs
  2 ball pythons
  3 bats
  2 giant cockroaches
  5 goblins
  3 hobgoblins
  2 quokkas (D:2)
  4 frilled lizards
  4 kobolds
  6 rats
62 creatures vanquished.

Notes
Turn   | Place    | Note
-------+----------+-------------------------------------------
     0 | D:1      | Hybris the Human Fighter began the quest for the Orb.
     0 | D:1      | Reached XP level 1. HP: 18/18 MP: 1/1
    77 | D:1      | Reached XP level 2. HP: 5/24 MP: 2/2
   602 | D:1      | Reached XP level 3. HP: 25/29 MP: 3/3
   648 | D:1      | Reached skill level 3 in Long Blades
  1015 | D:2      | Noticed Sigmund
  1027 | D:2      | Killed Sigmund
  1027 | D:2      | Reached skill level 4 in Long Blades
  1027 | D:2      | Reached XP level 4. HP: 14/37 MP: 4/4
  1027 | D:2      | Reached XP level 5. HP: 16/42 MP: 5/5
  1028 | D:2      | Reached XP level 6. HP: 18/48 MP: 6/6
  1358 | D:2      | Found a glowing golden altar of the Shining One.
  1440 | D:2      | Found a stormy altar of Qazlal.
  1446 | D:2      | Reached skill level 5 in Long Blades
  1467 | D:2      | Became a worshipper of Qazlal Stormbringer
  1776 | D:3      | Found a shattered altar of Ashenzari.
  2586 | D:3      | Reached * piety under Qazlal
  2613 | D:3      | Reached XP level 7. HP: 46/55 MP: 7/7
  2637 | D:3      | Killed from afar by an orc priest

Vault maps used:
D:1:      saegor_arrival_miasma
D:2:      old_standard_altar, nicolae_tso_carved_into_rock, uniq_sigmund
D:3:      ashenzari_altar_1

Skill      XL: |  1  2  3  4  5  6 |
---------------+-------------------+-----
Long Blades    | 4 5 |  5.9
Fighting       | 4 |  4.8
Armour         | |  3.0
Shields        | |  3.0

Action                   |  1- 3 |  4- 6 |  7- 9 || total
-------------------------+-------+-------+-------++-------
Melee: Long sword        |    59 |   175 |    24 ||   258
  Use: Potion            |     1 |     2 |       ||     3
       Scroll            |       |     5 |       ||     5
  Eat: Chunk             |       |     6 |       ||     6
Armor: Scale mail        |    23 |    69 |     2 ||    94
       Skin              |       |     7 |       ||     7
Dodge: Dodged            |    19 |    45 |     3 ||    67
Block: Shield            |    33 |    79 |    12 ||   124
       Rpst.: Long sword |     6 |    14 |       ||    20
